 Dungeon Crawl Stone Soup version 0.28.0-53-g5a82cb258f (webtiles) character file.

Game seed: 15906172567910214500

353 Zeld the Chucker (level 6, 63/63 HPs)
             Began as an Ogre Hunter on June 7, 2022.
             Quit the game on level 4 of the Dungeon.
             The game lasted 00:05:01 (4762 turns).

Zeld the Chucker (Ogre Hunter)                      Turns: 4762, Time: 00:05:02

Health: 63/63      AC:  3    Str: 19    XL:     6   Next: 62%
Magic:  6/6        EV: 10    Int: 12    God:
Gold:   98         SH:  0    Dex:  9    Spells: 5/5 levels left

rFire   . . .      SeeInvis +   (no weapon)
rCold   . . .      Faith    .   (no shield)
rNeg    . . .      Spirit   .   a - +0 robe
rPois   .          Reflect  .   (helmet restricted)
rElec   .          Harm     .   (no cloak)
rCorr   .          Rampage  .   (gloves unavailable)
Will    .....                   (boots unavailable)
Stlth   ++........              i - amulet of regeneration
HPRegen 1.00/turn               r - ring of see invisible
MPRegen 0.10/turn               (no ring)

@: no status effects
A: large, unfitting armour, tough skin 1
a: no special abilities


You were on level 4 of the Dungeon.
You visited 1 branch of the dungeon, and saw 4 of its levels.

You collected 98 gold pieces.

Inventory:

Hand Weapons
 b - a +0 hunting sling
Missiles
 c - 5 large rocks (quivered)
 h - 4 stones
 l - 2 poisoned darts
 q - 17 sling bullets
 t - 2 throwing nets
Armour
 a - a +0 robe (worn)
Jewellery
 i - an amulet of regeneration (around neck)
 r - a ring of see invisible (left hand)
Scrolls
 g - 2 scrolls of enchant weapon {unknown}
 j - 2 scrolls of vulnerability {unknown}
 k - a scroll of fear {unknown}
 m - 3 scrolls of identify {unknown}
 n - a scroll of enchant armour {unknown}
 o - a scroll of magic mapping {unknown}
 u - a scroll of teleportation {unknown}
Potions
 d - a potion of curing {unknown}
 e - 2 potions of mutation {unknown}
 f - a potion of attraction {unknown}
 p - 2 potions of haste {unknown}
 s - a potion of flight {unknown}


   Skills:
 + Level 4.5 Fighting
 * Level 2.5 Axes
 * Level 5.3 Throwing
 + Level 2.8 Dodging
 + Level 2.1 Stealth


You had 5 spell levels left.
You didn't know any spells.
Your spell library contained the following spells:

 Spells                   Type           Power      Damage    Failure   Level
 Foxfire                  Conj/Fire      0%         2x1d4     32%         1
 Summon Small Mammal      Summ           0%         N/A       32%         1
 Call Canine Familiar     Summ           0%         N/A       69%         3
 Conjure Flame            Conj/Fire      0%         6-21      69%         3
 Ignite Poison            Fire/Tmut/Pois 0%         N/A       69%         3
 Inner Flame              Hex/Fire       0%         N/A       69%         3
 Summon Guardian Golem    Hex/Summ       0%         N/A       69%         3
 Flame Wave               Conj/Fire      0%         2d4       97%         4
 Hailstorm                Conj/Ice       0%         3d3       97%         4
 Polar Vortex             Ice            0%         N/A       100%        9


Dungeon Overview and Level Annotations

Branches:
Dungeon (4/15)
 Temple: D:4-7

Altars:


Innate Abilities, Weirdness & Mutations

You are too large for most types of armour.
You have tough skin. (AC +1)


Message History

You climb downwards.
There is a stone staircase leading up here.
h - 4 stones (gained 1)
You now have 88 gold pieces (gained 18).
c - a large rock
c - 2 large rocks (gained 1)
c - 3 large rocks (gained 1)
Found a spear.
c - 4 large rocks (gained 1) No target in view!
c - 5 large rocks (gained 1)
s - a ruby potion No target in view!
Found a stone staircase leading up.
No target in view!
No target in view!
No target in view!
You now have 98 gold pieces (gained 10).
A ball python comes into view.
Found 23 arrows.
Found an escape hatch in the floor.
The ball python hisses angrily.
A ball python is nearby!
A ball python is nearby!
A ball python is nearby!
The ball python bites you.
A ball python is nearby!
You completely miss the ball python. The ball python bites you.
The ball python completely misses you. The ball python closely misses you.
You closely miss the ball python.
The ball python bites you but does no damage.
A ball python is nearby!
You hit the ball python.
You kill the ball python!
No target in view!
You see here a ball python corpse.
No target in view!
A jackal skeleton comes into view.
A jackal skeleton is nearby!
A jackal skeleton is nearby!
Are you sure you want to abandon this character and quit the game? (Confirm with "yes".)

.....###. .........
.......# #......Z#
##..#....##
....#.....#
#........## .
###.....@..#.....
..........##.......
...#......(.......#
#......##.#......
.#......##.#.##... ##
...............# ...##
#
...............###...#
#
........##†.....)...#
###
...................##
#..


You could see a jackal skeleton (wandering).

Vanquished Creatures
  Sigmund (D:3)
  An ogre (D:3)
  Jessica (D:3)
  3 adders
  A worm (D:3)
  A dart slug (D:2)
  4 bats
  6 endoplasms
  5 giant cockroaches
  4 goblins
  3 hobgoblins
  6 jackals
  4 quokkas
  5 ball pythons
  4 frilled lizards
  6 kobolds
  4 rats
59 creatures vanquished.

Notes
Turn   | Place    | Note
-------+----------+-------------------------------------------
     0 | D:1      | Zeld the Ogre Hunter began the quest for the Orb.
     0 | D:1      | Reached XP level 1. HP: 22/22 MP: 1/1
   619 | D:1      | Reached XP level 2. HP: 24/29 MP: 2/2
  1064 | D:1      | Reached skill level 1 in Stealth
  1965 | D:1      | Reached XP level 3. HP: 37/37 MP: 3/3
  2098 | D:1      | Found a faded altar of an unknown god.
  3493 | D:2      | Reached XP level 4. HP: 45/45 MP: 4/4
  3861 | D:3      | Got the Reference Book on the Igneous Frostbite
  4250 | D:3      | Noticed Sigmund
  4265 | D:3      | Killed Sigmund
  4266 | D:3      | Reached skill level 5 in Throwing
  4266 | D:3      | Reached XP level 5. HP: 48/54 MP: 5/5
  4266 | D:3      | Reached XP level 6. HP: 56/62 MP: 6/6
  4370 | D:3      | Noticed Jessica
  4373 | D:3      | Killed Jessica
  4540 | D:3      | HP: 3/63 [ogre/+0 giant club (14)]
  4762 | D:4      | Quit the game

Illustrated notes

Levels and vault maps discovered:
D:1:      lemuel_arrival_room, layout_basic,
          shapermc_ecumenical_altar_mp_highgroup
D:2:      layout_loops_ring
D:3:      layout_basic, uniq_jessica, uniq_sigmund
D:4:      layout_cave_pools, kennysheep_little_box, minivault_23

Skill      XL: |  1  2  3  4 |
---------------+-------------+-----
Fighting       | 3 4 |  4.5
Dodging        | 2 |  2.8
Stealth        | 1 2 |  2.1
Axes           | 2 |  2.5
Throwing       | 5 |  5.3

Action                   |  1- 3 |  4- 6 || total
-------------------------+-------+-------++-------
Melee: Unarmed           |   114 |   128 ||   242
       Dagger            |   140 |       ||   140
       Punch             |     1 |     2 ||     3
 Fire: Hunting sling     |     4 |       ||     4
Throw: Large rock        |     5 |    15 ||    20
       Throwing net      |       |     2 ||     2
       Stone             |       |     1 ||     1
Evoke: Wand              |       |     5 ||     5
 Stab: Sleeping          |     3 |     1 ||     4
Armor: Robe              |   108 |    23 ||   131
Dodge: Dodged            |   156 |    53 ||   209
